| TOP OF THE 1ST |
|
Bowie Baysox batting - Pitching for Montgomery Biscuits : RHP Eric Smith
|
|
Pitching: RHP Eric Smith
|
|
|
Batting: LHB Andrew Erens
|
0-0: Called Strike 0-1: Called Strike 0-2: Fly out, F8 (Flyball, 8RD, EV 98.8 MPH)
|
|
Batting: LHB Wes Goscinski
|
0-0: Ball 1-0: Ball 2-0: Called Strike 2-1: Hit by Pitch
|
|
Batting: RHB Danny Merrill
|
0-0: Called Strike 0-1: Ball 1-1: Ball 2-1: Ball 3-1: Swinging Strike 3-2: Strikes out swinging
|
|
Batting: LHB Raul Rojas
|
0-0: Ball 1-0: Called Strike 1-1: Fly out, F8 (Flyball, 8RD, EV 93.8 MPH)
|
| Top of the 1st over - 0 runs, 0 hits, 0 errors, 1 left on base; Bowie 0 - Montgomery 0 |
| BOTTOM OF THE 1ST |
|
Montgomery Biscuits batting - Pitching for Bowie Baysox : RHP Sam Wilson
|
|
Pitching: RHP Sam Wilson
|
|
|
Batting: LHB Bill McGregor
|
0-0: TRIPLE (Flyball, 9LD, EV 95.0 MPH)
|
|
Batting: LHB Mark Marvin
|
0-0: Ball 1-0: Ball Wild Pitch! Bill McGregor scores 2-0: Swinging Strike 2-1: Ball 3-1: Foul Ball, location: 2F 3-2: Strikes out swinging
|
|
Batting: RHB David Ward
|
0-0: Ball 1-0: Ball 2-0: Ground out 6-3 (Groundball, 6, EV 83.1 MPH)
|
|
Batting: RHB Jonathan Fraire
|
0-0: Ball 1-0: Called Strike 1-1: Foul Ball, location: 2F 1-2: Ball 2-2: Ground out 4-3 (Groundball, 4, EV 100.0 MPH)
|
| Bottom of the 1st over - 1 run, 1 hit, 0 errors, 0 left on base; Bowie 0 - Montgomery 1 |
| TOP OF THE 2ND |
|
Bowie Baysox batting - Pitching for Montgomery Biscuits : RHP Eric Smith
|
|
Batting: LHB Ben Antal
|
0-0: Ball 1-0: Swinging Strike 1-1: Swinging Strike 1-2: Strikes out looking
|
|
Batting: RHB Jordan Wallace
|
0-0: Swinging Strike 0-1: Ball 1-1: Foul Ball, location: 2F 1-2: Ground out 4-3 (Groundball, 4M, EV 103.1 MPH)
|
|
Batting: LHB Ben Goldstein
|
0-0: Ball 1-0: Ground out 4-3 (Groundball, 34D, EV 103.1 MPH)
|
| Top of the 2nd over - 0 runs, 0 hits, 0 errors, 0 left on base; Bowie 0 - Montgomery 1 |
| BOTTOM OF THE 2ND |
|
Montgomery Biscuits batting - Pitching for Bowie Baysox : RHP Sam Wilson
|
|
Batting: SHB Lou Kroneman
|
0-0: Called Strike 0-1: Ball 1-1: SINGLE (Groundball, 56S, EV 68.8 MPH) (infield hit)
|
|
Batting: RHB Adam Kaeser
|
0-0: Ball 1-0: Ball 2-0: Grounds into double play, 4-6-3 (Groundball, 4S, EV 90.6 MPH)
|
|
Batting: RHB Freddy Mullen
|
0-0: Ball 1-0: SINGLE (Groundball, 56D, EV 100.0 MPH)
|
|
Batting: LHB Dan Hunt
|
Pickoff Throw to First - Out! 1-3
|
| Bottom of the 2nd over - 0 runs, 2 hits, 0 errors, 0 left on base; Bowie 0 - Montgomery 1 |
| TOP OF THE 3RD |
|
Bowie Baysox batting - Pitching for Montgomery Biscuits : RHP Eric Smith
|
|
Batting: RHB Travis Carter
|
0-0: Fly out, F7 (Flyball, 7LD, EV 85.6 MPH)
|
|
Batting: RHB Julio Ehm
|
0-0: Foul Ball, location: 2F 0-1: DOUBLE (Flyball, 89D, EV 104.4 MPH)
|
|
Batting: LHB Andrew Erens
|
0-0: Hit by Pitch
|
|
Batting: LHB Wes Goscinski
|
0-0: Swinging Strike 0-1: Called Strike 0-2: Ball 1-2: Strikes out swinging
|
|
Batting: RHB Danny Merrill
|
0-0: Called Strike 0-1: Swinging Strike 0-2: Strikes out swinging
|
| Top of the 3rd over - 0 runs, 1 hit, 0 errors, 2 left on base; Bowie 0 - Montgomery 1 |
| BOTTOM OF THE 3RD |
|
Montgomery Biscuits batting - Pitching for Bowie Baysox : RHP Sam Wilson
|
|
Batting: LHB Dan Hunt
|
0-0: Ball 1-0: Called Strike 1-1: Foul Ball, location: 2F 1-2: Ground out U3 (Groundball, 3, EV 88.1 MPH)
|
|
Batting: RHB Chris Glavin
|
0-0: Ball 1-0: Called Strike 1-1: Called Strike 1-2: Strikes out looking
|
|
Batting: LHB Bill McGregor
|
0-0: Foul Ball, location: 2F 0-1: Foul Ball, location: 2F 0-2: Ball 1-2: Ball 2-2: Ball 3-2: Fly out, F9 (Flyball, 9LSF, EV 90.0 MPH)
|
| Bottom of the 3rd over - 0 runs, 0 hits, 0 errors, 0 left on base; Bowie 0 - Montgomery 1 |
| TOP OF THE 4TH |
|
Bowie Baysox batting - Pitching for Montgomery Biscuits : RHP Eric Smith
|
|
Batting: LHB Raul Rojas
|
0-0: Ball 1-0: SOLO HOME RUN (Flyball, 89XD, EV 106.9 MPH), Distance : 405 ft
|
|
Batting: LHB Ben Antal
|
0-0: Ball 1-0: Ground out 4-3 (Groundball, 4, EV 83.1 MPH)
|
|
Batting: RHB Jordan Wallace
|
0-0: Called Strike 0-1: Foul Ball, location: 2F 0-2: Strikes out swinging
|
|
Batting: LHB Ben Goldstein
|
0-0: Ball 1-0: Ball 2-0: Ball 3-0: SOLO HOME RUN (Flyball, 9LD, EV 90.0 MPH), Distance : 347 ft
|
|
Batting: RHB Travis Carter
|
0-0: Swinging Strike 0-1: Swinging Strike 0-2: Ball 1-2: Strikes out swinging
|
| Top of the 4th over - 2 runs, 2 hits, 0 errors, 0 left on base; Bowie 2 - Montgomery 1 |
| BOTTOM OF THE 4TH |
|
Montgomery Biscuits batting - Pitching for Bowie Baysox : RHP Sam Wilson
|
|
Batting: LHB Mark Marvin
|
0-0: Ball 1-0: DOUBLE (Line Drive, 8LXD, EV 107.5 MPH)
|
|
Batting: RHB David Ward
|
0-0: Foul Ball, location: 2F 0-1: Called Strike 0-2: Strikes out looking
|
|
Batting: RHB Jonathan Fraire
|
0-0: Ball 1-0: Ball 2-0: Ball 3-0: Base on Balls
|
|
Batting: SHB Lou Kroneman
|
0-0: Called Strike 0-1: Foul Ball, location: 2F 0-2: Ball 1-2: Grounds into double play, 5-4-3 (Groundball, 56, EV 84.4 MPH)
|
| Bottom of the 4th over - 0 runs, 1 hit, 0 errors, 1 left on base; Bowie 2 - Montgomery 1 |
| TOP OF THE 5TH |
|
Bowie Baysox batting - Pitching for Montgomery Biscuits : RHP Eric Smith
|
|
Batting: RHB Julio Ehm
|
0-0: Called Strike 0-1: Ball 1-1: Ground out 5-3 (Groundball, 5S, EV 88.8 MPH)
|
|
Batting: LHB Andrew Erens
|
0-0: Fly out, F6 (Popup, 15, EV 80.0 MPH)
|
|
Batting: LHB Wes Goscinski
|
0-0: Ball 1-0: Ball 2-0: Foul Ball, location: 2F 2-1: Ball 3-1: Foul Ball, location: 2F 3-2: Strikes out looking
|
| Top of the 5th over - 0 runs, 0 hits, 0 errors, 0 left on base; Bowie 2 - Montgomery 1 |
| BOTTOM OF THE 5TH |
|
Montgomery Biscuits batting - Pitching for Bowie Baysox : RHP Sam Wilson
|
|
Batting: RHB Adam Kaeser
|
0-0: Called Strike 0-1: Ground out 6-3 (Groundball, 6, EV 103.1 MPH)
|
|
Batting: RHB Freddy Mullen
|
0-0: Ball 1-0: Foul Ball, location: 2F 1-1: Called Strike 1-2: Strikes out looking
|
|
Batting: LHB Dan Hunt
|
0-0: Swinging Strike 0-1: Called Strike 0-2: Ball 1-2: Ball 2-2: Strikes out looking
|
| Bottom of the 5th over - 0 runs, 0 hits, 0 errors, 0 left on base; Bowie 2 - Montgomery 1 |
| TOP OF THE 6TH |
|
Bowie Baysox batting - Pitching for Montgomery Biscuits : RHP Eric Smith
|
|
Batting: RHB Danny Merrill
|
0-0: Called Strike 0-1: SINGLE (Groundball, 56, EV 102.5 MPH) (infield hit)
|
|
Batting: LHB Raul Rojas
|
0-0: Foul Ball, location: 2F 0-1: Ball 1-1: Foul Ball, location: 2F 1-2: Ball 2-2: Grounds into double play, 4-6-3 (Groundball, 4MS, EV 86.2 MPH)
|
|
Batting: LHB Ben Antal
|
0-0: Called Strike 0-1: Ball 1-1: Ball 2-1: Fly out, F8 (Line Drive, 8RD, EV 90.6 MPH)
|
| Top of the 6th over - 0 runs, 1 hit, 0 errors, 0 left on base; Bowie 2 - Montgomery 1 |
| BOTTOM OF THE 6TH |
|
Montgomery Biscuits batting - Pitching for Bowie Baysox : RHP Sam Wilson
|
|
Batting: RHB Chris Glavin
|
0-0: Called Strike 0-1: Ball 1-1: Called Strike 1-2: Ball 2-2: DOUBLE (Groundball, 5L, EV 101.9 MPH)
|
|
Batting: LHB Bill McGregor
|
0-0: Fly out, F8 (Flyball, 8RXD, EV 84.4 MPH) Runner from 2nd tags up, SAFE at 3rd, no throw by CF
|
|
Batting: LHB Mark Marvin
|
0-0: Ball 1-0: Ball 2-0: Called Strike 2-1: Ball 3-1: Base on Balls
|
|
Batting: RHB David Ward
|
0-0: Foul Ball, location: 2F 0-1: Fly out, F8 (Flyball, 8RD, EV 96.2 MPH)
|
|
Batting: RHB Jonathan Fraire
|
0-0: Swinging Strike 0-1: Ball 1-1: Foul Ball, location: 2F 1-2: Ball 2-2: SINGLE (Groundball, 56D, EV 98.8 MPH) Chris Glavin scores Mark Marvin to second Runner from 2nd tries for 3rd, SAFE, throw by LF made to third
|
|
Batting: SHB Lou Kroneman
|
0-0: Ball 1-0: Fielders Choice at 2nd, 6-4 (Groundball, 56, EV 88.1 MPH)
|
| Bottom of the 6th over - 1 run, 2 hits, 0 errors, 2 left on base; Bowie 2 - Montgomery 2 |
| TOP OF THE 7TH |
|
Bowie Baysox batting - Pitching for Montgomery Biscuits : RHP Eric Smith
|
|
Pinch Hitting: LHB Pat Shaddock
|
0-0: Ball 1-0: Ground out 4-3 (Groundball, 4D, EV 76.2 MPH)
|
|
Pitching: LHP Sam Wesman
|
|
|
Batting: LHB Ben Goldstein
|
0-0: Swinging Strike 0-1: Foul Ball, location: 2F 0-2: Ball 1-2: Ground out 4-3 (Groundball, 4, EV 100.0 MPH)
|
|
Batting: RHB Travis Carter
|
0-0: Called Strike 0-1: Foul Ball, location: 2F 0-2: Ground out 4-3 (Groundball, 4MS, EV 86.9 MPH)
|
| Top of the 7th over - 0 runs, 0 hits, 0 errors, 0 left on base; Bowie 2 - Montgomery 2 |
| BOTTOM OF THE 7TH |
|
Montgomery Biscuits batting - Pitching for Bowie Baysox : RHP Sam Wilson
|
|
Now at 3B: Jose Fierro
|
|
|
Batting: RHB Adam Kaeser
|
0-0: Ground out 6-3 (Groundball, 6, EV 80.6 MPH)
|
|
Batting: RHB Freddy Mullen
|
0-0: Swinging Strike 0-1: Ball 1-1: Called Strike 1-2: Ball 2-2: SINGLE (Groundball, 4D, EV 105.0 MPH)
|
|
Batting: LHB Dan Hunt
|
0-0: Swinging Strike 0-1: Called Strike 0-2: Foul Ball, location: 2F 0-2: Ball 1-2: Foul Ball, location: 2F 1-2: Foul Ball, location: 2F 1-2: SINGLE (Line Drive, 56, EV 95.6 MPH) Freddy Mullen to second
|
|
Pitching: RHP Mike Brubaker
|
|
|
Pinch Hitting: LHB Alex Genao
|
0-0: SINGLE (Groundball, 34D, EV 93.8 MPH) Freddy Mullen to third Dan Hunt to second
|
|
Batting: LHB Bill McGregor
|
0-0: Called Strike 0-1: Grounds into fielders choice 4-2 (Groundball, 4MS, EV 88.1 MPH) Dan Hunt to third Alex Genao to second
|
|
Batting: LHB Mark Marvin
|
0-0: Ball 1-0: Swinging Strike 1-1: DOUBLE (Line Drive, 7LD, EV 106.2 MPH) Dan Hunt scores Alex Genao scores Bill McGregor to third Runner from 3rd tries for Home, SAFE, no throw by LF
|
|
Batting: RHB David Ward
|
0-0: Called Strike 0-1: Ball 1-1: Ball 2-1: Called Strike 2-2: Foul Ball, location: 2F 2-2: Fly out, F8 (Flyball, 8RXD, EV 99.4 MPH)
|
| Bottom of the 7th over - 3 runs, 4 hits, 0 errors, 1 left on base; Bowie 2 - Montgomery 5 |
| TOP OF THE 8TH |
|
Bowie Baysox batting - Pitching for Montgomery Biscuits : LHP Sam Wesman
|
|
Now at SS: Alex Genao
|
|
|
Batting: RHB Julio Ehm
|
0-0: Ball 1-0: Called Strike 1-1: Swinging Strike 1-2: Ball 2-2: Fly out, F4 (Popup, 34, EV 65.6 MPH)
|
|
Pinch Hitting: RHB Andy Chess
|
0-0: Ball 1-0: Ball 2-0: Foul Ball, location: 2F 2-1: Foul Ball, location: 2F 2-2: Fly out, F5 (Popup, 5, EV 75.6 MPH)
|
|
Batting: LHB Wes Goscinski
|
0-0: Called Strike 0-1: Foul Ball, location: 2F 0-2: Foul Ball, location: 2F 0-2: Ball 1-2: Ball 2-2: Fly out, F8 (Line Drive, 8RM, EV 86.9 MPH)
|
| Top of the 8th over - 0 runs, 0 hits, 0 errors, 0 left on base; Bowie 2 - Montgomery 5 |
| BOTTOM OF THE 8TH |
|
Montgomery Biscuits batting - Pitching for Bowie Baysox : RHP Mike Brubaker
|
|
Now in CF: Ryan Taylor
|
|
|
Batting: RHB Jonathan Fraire
|
0-0: Ball 1-0: Ball 2-0: Ground out 3-1 (Groundball, 34S, EV 89.4 MPH)
|
|
Batting: SHB Lou Kroneman
|
0-0: Ball 1-0: Called Strike 1-1: Foul Ball, location: 2F 1-2: Strikes out looking
|
|
Batting: RHB Adam Kaeser
|
0-0: Called Strike 0-1: Ball 1-1: Ground out 4-3 (Groundball, 4, EV 83.8 MPH)
|
| Bottom of the 8th over - 0 runs, 0 hits, 0 errors, 0 left on base; Bowie 2 - Montgomery 5 |
| TOP OF THE 9TH |
|
Bowie Baysox batting - Pitching for Montgomery Biscuits : LHP Sam Wesman
|
|
Pitching: RHP Al Speer
|
|
|
Batting: RHB Danny Merrill
|
0-0: Ball 1-0: Called Strike 1-1: Foul Ball, location: 2F 1-2: Ball 2-2: Ball 3-2: Foul Ball, location: 2F 3-2: Ground out 6-3 (Groundball, 6, EV 88.1 MPH)
|
|
Batting: LHB Raul Rojas
|
0-0: Ball 1-0: Ball 2-0: Ball 3-0: Fly out, F9 (Flyball, 9LM, EV 86.9 MPH)
|
|
Batting: LHB Ben Antal
|
0-0: Ball 1-0: Ball 2-0: Called Strike 2-1: Ball 3-1: DOUBLE (Groundball, 5L, EV 103.8 MPH)
|
|
Batting: LHB Jose Fierro
|
0-0: Called Strike 0-1: Swinging Strike 0-2: Ball 1-2: Ball 2-2: Strikes out swinging
|
| Top of the 9th over - 0 runs, 1 hit, 0 errors, 1 left on base; Bowie 2 - Montgomery 5 |
|